 Dungeon Crawl Stone Soup version 0.26-a0-667-g92642533e4 (webtiles) character file.

Game seed: 2676791345613735886

165 1994 the Chopper (level 5, -6/46 HPs)
             Began as a Minotaur Gladiator on Oct 18, 2020.
             Killed from afar by an orc wizard (9 damage)
             ... with a puff of frost
             ... on level 3 of the Dungeon.
             The game lasted 00:03:54 (1960 turns).

1994 the Chopper (Minotaur Gladiator)               Turns: 1960, Time: 00:03:54

Health: -6/46      AC:  5    Str: 19    XL:     5   Next: 22%
Magic:  4/4        EV: 12    Int:  5    God:
Gold:   36         SH:  0    Dex: 12    Spells: 4/4 levels left

rFire    . . .     SeeInvis .   a - +0 war axe
rCold    . . .     Faith    .   (no shield)
rNeg     . . .     Spirit   .   f - +0 ring mail
rPois    .         Reflect  .   c - +0 hat
rElec    .         Harm     .   (no cloak)
rCorr    .         Rampage  .   (no gloves)
MR       .....                  (no boots)
Stlth    +.........             (no amulet)
HPRegen  0.15/turn              (no ring)
MPRegen  0.09/turn              (no ring)

@: no status effects
A: retaliatory headbutt, horns 2
a: no special abilities


You were on level 3 of the Dungeon.
You visited 1 branch of the dungeon, and saw 3 of its levels.

You collected 36 gold pieces.

Inventory:

Hand Weapons
 a - a +0 war axe (weapon)
 j - a +0 hunting sling
 r - a +0 battleaxe
Missiles
 b - 30 stones
 d - 3 throwing nets (quivered)
Armour
 c - a +0 hat (worn)
 f - a +0 ring mail (worn)
Jewellery
 h - an uncursed ring of wizardry {unknown}
 l - an uncursed ring of protection from fire {unknown}
 n - an uncursed amulet of regeneration {unknown}
Scrolls
 e - a scroll of remove curse {unknown}
 i - a scroll of teleportation {unknown}
 k - a scroll of identify {unknown}
 m - a scroll of fear
 p - a scroll of noise {unknown}
 q - a scroll of enchant weapon {unknown}
 s - a scroll of amnesia {unknown}
Potions
 g - a potion of mutation {unknown}
 o - a potion of heal wounds


   Skills:
 + Level 4.1 Fighting
 * Level 6.3 Axes
 - Level 2.0 Throwing
 - Level 3.2 Dodging


You had 4 spell levels left.
You didn't know any spells.
Your spell library was empty.

Dungeon Overview and Level Annotations

Branches:
Dungeon (3/15)

Altars:

Annotations:
D:3 Sigmund


Innate Abilities, Weirdness & Mutations

You reflexively headbutt those who attack you in melee.
You have a pair of horns on your head.


Message History

Unknown command.
Unknown command.
Unknown command.
You hit the orc wizard but do no damage.
You headbutt the orc wizard.
The orc wizard is severely wounded.
You hit the orc.
The goblin shoots a stone.
The stone hits you.
* * * LOW HITPOINT WARNING * * *
The orc wizard hits you with a +0 dagger.
* * * LOW HITPOINT WARNING * * *
The orc hits you but does no damage.
Unknown command.
Unknown command.
You closely miss the orc wizard.
The orc wizard is severely wounded.
You closely miss the orc.
The goblin shoots a stone.
The stone barely misses you.
The orc wizard gestures at you while chanting.
The puff of frost hits you!
You die...

....... ......
.......#.....
.......#.?.. .......#...
.....#.. . #..... ...
#....# ###....
#....###)......
........##..<...@).....#
........##......oo.....#
........##........######
........##........#
........##........#
........##........#
........####......#
......†....g......#
.......<)........#


You could see an orc wizard, an orc and a goblin.

Vanquished Creatures
  2 orc wizards
  2 adders (D:2)
  A worm (D:2)
  3 leopard geckos
  7 orcs (D:3)
  3 ball pythons (D:2)
  5 giant cockroaches
  9 goblins
  9 hobgoblins
  10 jackals
  7 kobolds
  7 bats
  4 frilled lizards
  9 rats
78 creatures vanquished.

Notes
Turn   | Place    | Note
-------+----------+-------------------------------------------
     0 | D:1      | 1994 the Minotaur Gladiator began the quest for the Orb.
     0 | D:1      | Reached XP level 1. HP: 18/18 MP: 0/0
   146 | D:1      | Reached skill level 4 in Axes
   228 | D:1      | Reached XP level 2. HP: 25/25 MP: 1/1
   683 | D:1      | Reached XP level 3. HP: 31/31 MP: 2/2
  1001 | D:2      | Reached skill level 5 in Axes
  1139 | D:2      | Reached XP level 4. HP: 35/38 MP: 3/3
  1617 | D:3      | Noticed Sigmund
  1639 | D:2      | HP: 1/40 [something/magic dart (4)]
  1662 | D:2      | Reached skill level 6 in Axes
  1832 | D:3      | Reached XP level 5. HP: 45/46 MP: 4/4
  1960 | D:3      | Killed from afar by an orc wizard

Illustrated notes

Levels and vault maps discovered:
D:1:      minmay_arrival_stone_box, layout_basic
D:2:      layout_basic, chequers_serial_rivers_room_b, st_stairs_10
D:3:      layout_basic, kennysheep_generic_room_8, uniq_sigmund

Skill      XL: |  1  2  3  4 |
---------------+-------------+-----
Axes           | 4 5 6 |  6.3
Fighting       | 3 4 |  4.1
Throwing       | |  2.0
Dodging        | |  3.2

Action                   |  1- 3 |  4- 6 || total
-------------------------+-------+-------++-------
Melee: War axe           |    70 |    63 ||   133
       Headbutt          |    10 |    10 ||    20
  Use: Scroll            |       |     1 ||     1
       Potion            |       |     1 ||     1
Armor: Leather armour    |     5 |       ||     5
       Ring mail         |    28 |    26 ||    54
Dodge: Dodged            |    60 |    50 ||   110

Table legend: (Time is in decaauts)
 A = Elapsed time spent in this place.
 B = Non-inter-level travel time spent in this place.
 C = Inter-level travel time spent in this place.
 D = Time resting spent in this place.
 E = Time spent auto-exploring this place.
 F = Levels seen in this place.
 G = Mean time per level.
                   A        B        C        D        E       F      G
               +--------+--------+--------+--------+--------+-----+--------+
         Total |   1996 |   1890 |    106 |    400 |   1008 |   3 |  665.3 |
       Dungeon |   1996 |   1890 |    106 |    400 |   1008 |   3 |  665.3 |
               +--------+--------+--------+--------+--------+-----+--------+

Top non-repeatable levels by time:
     D:2: 996 daAuts
     D:1: 868 daAuts
     D:3: 131 daAuts
